 Dungeon Crawl Stone Soup version 0.24.1-4-ge52af88ad5 (webtiles) character file.

Game seed: 14033779796003108309, levelgen mode: deterministic

38 lepoulpe303 the Scratcher (level 3, -9/15 HPs)
             Began as a Felid Transmuter on Apr 14, 2020.
             Mangled by a gnoll
             ... wielding a +0 spear
              (11 damage)
             ... on level 2 of the Dungeon.
             The game lasted 00:03:28 (1341 turns).

lepoulpe303 the Scratcher (Felid Transmuter)        Turns: 1341, Time: 00:03:28

Health: -9/15      AC:  1    Str:  6    XL:     3   Next: 25%
Magic:  6/7        EV: 18    Int: 15    God:
Gold:   85         SH:  0    Dex: 16    Spells: 1/7 levels left
                                        Lives:  0   Deaths: 0

rFire    . . .     SeeInvis +     - Unarmed
rCold    . . .     Gourm    .   (shield unavailable)
rNeg     . . .     Faith    .   (armour unavailable)
rPois    .         Spirit   .   (helmet unavailable)
rElec    .         Reflect  .   (cloak unavailable)
rCorr    .         Harm     .   (gloves unavailable)
MR       .....                  (boots unavailable)
Stlth    ++........             (no amulet)
HPRegen  0.05/turn              (no ring)
MPRegen  0.10/turn              (no ring)

@: appendage, quick
A: very small, no armour, no weapons or thrown items, stealth, claws 1, fangs 3,
horns 2, see invisible, carnivore, speed 1, shaggy fur 1, slow metabolism 1,
sharp paws
a: End Transformation


You were on level 2 of the Dungeon.
You were completely stuffed.
You had grown temporary horns.
You visited 1 branch of the dungeon, and saw 2 of its levels.

You collected 85 gold pieces.

Inventory:

Missiles
 Q - 10 arrows
Jewellery
 a - an uncursed ring of ice {unknown}
Scrolls
 c - 3 scrolls of identify {unknown}
 f - 2 scrolls of immolation {unknown}
 i - a scroll of remove curse {unknown}
 j - a scroll of magic mapping {unknown}
Potions
 b - 5 potions of curing {unknown}
 d - 4 potions of flight {unknown}
 g - 3 potions of heal wounds {unknown}
 h - a potion of invisibility {unknown}
 k - a potion of brilliance {unknown}
Comestibles
 e - 4 rations
 l - 6 chunks of flesh


   Skills:
 + Level 1.3 Fighting
 + Level 3.0 Dodging
 * Level 3.3 Unarmed Combat
 * Level 2.5 Spellcasting
 * Level 2.8 Transmutations


You had one spell level left.
You knew the following spells:

 Your Spells              Type           Power        Failure   Level  Hunger
a - Beastly Appendage     Tmut           ##....       7%          1    #......
c - Spider Form           Tmut/Pois      #.........   34%         3    ###....
s - Sticks to Snakes      Tmut           ##......     10%         2    ###....

Your spell library contained the following spells:

 Spells                   Type           Power        Failure   Level  Hunger
 Ice Form                 Ice/Tmut       #.......     75%         4    #####..
 Blade Hands              Tmut           ##........   88%         5    ######.


Dungeon Overview and Level Annotations

Branches:
Dungeon (2/15)

Altars:


Innate Abilities, Weirdness & Mutations

You cannot wear armour.
You are incapable of wielding weapons or throwing items.
Your paws allow you to move quietly. (Stealth)
You have sharp claws.
You have razor-sharp teeth.
You have supernaturally acute eyesight. (SInv)
You are carnivorous and can eat meat at any time.
You cover ground quickly.
You are covered in fur. (AC +1)
You have a slow metabolism.
Your sharp claws are effective at attacking unaware monsters.
You have a pair of horns on your head.


Message History

Memorise Spider Form, consuming 3 spell levels and leaving 1?
You start memorising the spell.
You continue memorising. x3
The gnoll closely misses you.
You finish memorising.
Spell assigned to 'c'.
You grow a pair of large bovine horns.
The gnoll completely misses you.
You now have 6/7 mp.
A gnoll and a kobold come into view.
The gnoll hits you with a +0 spear!
* * * LOW HITPOINT WARNING * * *
The gnoll moves out of view.
You take 7 damage, and have 8/15 hp.
MASSIVE DAMAGE!!
You closely miss the gnoll. You scratch the gnoll but do no damage.
The gnoll hits you with a +0 spear.
* * * LOW HITPOINT WARNING * * *
You take 6 damage, and have 2/15 hp.
MASSIVE DAMAGE!!
The gnoll hits you from afar with a +0 spear!
Ouch! That really hurt!
You die...

$.. #.
... #.
### ...
#. #.####
#.# #.
#....##
#.# #.
####..#
#.# #.
##.####K#
..#.
#...##g#
#...
#.#<@..#
####
#.###..#
#
#..##..#
##
##..##..#
#####.
##.##..#
##.....
#.#####
##..####
#.#
##..##
#.###
#..##
#...#
#.##


You could see a gnoll.

Levels and vault maps discovered:
D:1:      psy_arrival_conway, layout_basic, minmay_misc_feat_doors,
          interstate_on_off, kennysheep_small_spiral, corexii_leaking_fountain
D:2:      layout_rooms, lemuel_zombie_altar_kikubaaqudgha,
          hangedman_feature_mirror

Notes
Turn   | Place    | Note
-------+----------+-------------------------------------------
     0 | D:1      | lepoulpe303 the Felid Transmuter began the quest for the
                  | Orb.
     0 | D:1      | Reached XP level 1. HP: 9/9 MP: 4/4
   396 | D:1      | Identified a +0 club
   401 | D:1      | Reached XP level 2. HP: 12/12 MP: 6/6
   412 | D:1      | Learned a level 2 spell: Sticks to Snakes
   814 | D:2      | HP: 2/12 [worm (10)]
  1063 | D:2      | Reached skill level 3 in Dodging
  1207 | D:2      | Reached XP level 3. HP: 10/15 MP: 5/7
  1214 | D:2      | Identified a cursed -1 club
  1262 | D:2      | Identified a +0 spear
  1330 | D:2      | Identified a +0 whip
  1337 | D:2      | Learned a level 3 spell: Spider Form
  1338 | D:2      | Identified a +0 short sword
  1338 | D:2      | Identified a +0 flail
  1340 | D:2      | HP: 2/15 [gnoll/+0 spear (6)]
  1341 | D:2      | Mangled by a gnoll

Table legend:
 A = Turns spent in this place as a percentage of turns spent in the entire game.
 B = Non-inter-level travel turns spent in this place as a percentage of non-inter-level travel turns spent in the entire game.
 C = Inter-level travel turns spent in this place as a percentage of turns spent in this place.
 D = Turns resting spent in this place as a percentage of non-inter-level travel turns spent in this place.
 E = Turns spent auto-exploring this place as a percentage of non-inter-level travel turns spent in this place.
 F = Non-inter-level travel turns spent in this place divided by the number of levels of this place that you've seen.
                   A       B       C       D       E      F
               +-------+-------+-------+-------+-------+----------------------
         Total | 100.0 | 100.0 |   6.0 |  22.5 |  58.6 | 630.5
       Dungeon | 100.0 | 100.0 |   6.0 |  22.5 |  58.6 | 630.5
               +-------+-------+-------+-------+-------+----------------------

Table legend:
 A = Kills in this place as a percentage of kills in entire the game.
 B = Kills by you in this place as a percentage of kills by you in the entire game.
 C = Kills by friends in this place as a percentage of kills by friends in the entire game.
 D = Other kills in this place as a percentage of other kills in the entire game.
 E = Experience gained in this place as a percentage of experience gained in the entire game.
 F = Experience gained in this place divided by the number of levels of this place that you have seen.
                   A       B       C       D       E      F
               +-------+-------+-------+-------+-------+----------------------
         Total | 100.0 | 100.0 | 100.0 |   N/A | 100.0 |  27.5
       Dungeon | 100.0 | 100.0 | 100.0 |   N/A | 100.0 |  27.5
               +-------+-------+-------+-------+-------+----------------------

Skill      XL: |  1  2 |
---------------+-------+-----
Dodging        | 3 |  3.0
Fighting       | |  1.3
Unarmed Combat | |  3.3
Spellcasting   | |  2.5
Transmutations | |  2.8

Action                   || total
-------------------------++-------
Melee: Unarmed           ||    60
       Bite              ||     7
 Cast: Beastly Appendage ||     3
       Sticks to Snakes  ||     2
 Stab: Sleeping          ||     4
  Eat: Chunk             ||     8
Armor: Skin              ||     3
Dodge: Dodged            ||    42

Vanquished Creatures
  An adder (D:2)
  An ooze (D:1)
  A leopard gecko (D:1)
  A giant cockroach (D:2)
  2 goblins (D:2)
  2 hobgoblins
  6 bats
  3 frilled lizards
  A kobold (D:1)
  4 rats (D:1)
22 creatures vanquished.

Vanquished Creatures (collateral kills)
  2 worms (D:2)
2 creatures vanquished.

Grand Total: 24 creatures vanquished
